 Dungeon Crawl Stone Soup version 0.28-a0-101-g18048e5a82 (webtiles) character file.

Game seed: 17578820281534581986

48 bobarctor the Grave Robber (level 3, 0/19 HPs)
             Began as a Deep Elf Necromancer on Aug 11, 2021.
             Succumbed to a scorpion's poison
             ... on level 5 of the Dungeon.
             The game lasted 00:08:47 (2347 turns).

bobarctor the Grave Robber (Deep Elf Necromancer)   Turns: 2347, Time: 00:08:48

Health: 0/19       AC:  6    Str:  5    XL:     3   Next: 50%
Magic:  11/11      EV: 12    Int: 20    God:
Gold:   57         SH:  0    Dex: 15    Spells: 6/11 levels left

rFire   + . .      SeeInvis .   d - +0 short sword
rCold   + . .      Faith    .   (no shield)
rNeg    . . .      Spirit   .   k - +2 robe {rC+ rF+}
rPois   .          Reflect  .   (no helmet)
rElec   .          Harm     .   (no cloak)
rCorr   .          Rampage  .   e - +1 pair of gloves
Will    .....                   (no boots)
Stlth   ++........              (no amulet)
HPRegen 0.06/turn               (no ring)
MPRegen 0.12/turn               (no ring)

@: lethally poisoned (0 -> -7)
A: no striking features
a: no special abilities


You were on level 5 of the Dungeon.
You visited 1 branch of the dungeon, and saw 4 of its levels.

You collected 57 gold pieces.

Inventory:

Hand Weapons
 d - a +0 short sword (weapon)
Missiles
 g - 36 stones (quivered)
 h - 34 bolts
Armour
 a - a +0 robe
 e - a +1 pair of gloves (worn)
 k - a +2 robe of resistance (worn)
Potions
 c - a potion of might {unknown}
 j - 2 potions of haste {unknown}
 l - a potion of heal wounds {unknown}


   Skills:
 + Level 2.5 Dodging
 + Level 2.6 Stealth
 * Level 4.5 Spellcasting
 + Level 5.4 Necromancy


You had 6 spell levels left.
You knew the following spells:

 Your Spells              Type           Power      Damage    Failure   Level
a - Pain                  Necr           100%       1d9       1%          1
b - Animate Skeleton      Necr           52%        N/A       1%          1
c - Vampiric Draining     Necr           13%        2d7       4%          3

Your spell library contained the following spells:

 Spells                   Type           Power      Damage    Failure   Level
 Animate Dead             Necr           13%        N/A       13%         4
 Agony                    Necr           26%        N/A       36%         5


Dungeon Overview and Level Annotations

Branches:
Dungeon (3/15)

Altars:
Ashenzari
Elyvilon

Shops:
D:1 !


Message History

You hear an angry hiss.
You hear a shout!
The iguana hisses angrily.
The bullfrog skeleton closely misses you.
An orc wizard comes into view. It is wielding a +0 dagger.
A bullfrog skeleton comes into view.
As you read the scroll labelled USYODISCHINT, it crumbles to dust.
You hear a loud clanging noise!
It was a scroll of noise.
You hear a shout!
You hear an angry hiss.
The centaur zombie closely misses you.
The centaur zombie completely misses you.
The bullfrog skeleton hits you but does no damage.
The hound misses you.
The scorpion stings you but does no damage.
As you read the scroll labelled UNTALE FOOCW, it crumbles to dust.
It is a scroll of enchant armour.
Your +0 pair of gloves glows green for a moment.
The hound bites you.
The bullfrog skeleton completely misses you.
The hound bites you but does no damage. The scorpion stings you.
You are poisoned.
The scorpion poisons you! The iguana closely misses you.
The hound bites you but does no damage.
As you read the scroll labelled TUIMIE NIURCHI, it crumbles to dust.
It is a scroll of amnesia.
Really abort (and waste the scroll)?
Okay, then.
You feel sick. The bullfrog skeleton hits you. The hound bites you.
* * * LOW HITPOINT WARNING * * *
The hound completely misses you.
An adder comes into view.
The hound barely misses you. The scorpion closely misses you.
The bullfrog skeleton closely misses you.
The iguana closely misses you.
As you read the scroll labelled EROIBR EMUG, it crumbles to dust.
You speak a Word of immense power!
The bullfrog skeleton convulses! x2
You destroy the bullfrog skeleton!
The shadow imp convulses!
You kill the shadow imp!
The centaur zombie convulses!
It was a scroll of holy word.
You die...

*,,*,,,*,,,*,,,*,,,*,,,*
*...*(#...#$*,..*,*,,,,*
*...,#...#.,,#..,*,,,,,*
*,.........,....,,,,,,,*
*,,#...#..,#Y..#,,,*,,,*
*..,#.#.l.#.#...*,*,,,,**
*....#...#o..#..,*,,,,,,,
*......h.Z.S....,,,,,,***
*..#,..#@ho#...#.,,*,,,,,
*...#)#slh#D#...#,*,,,,,,
*....#..o#Z..#...*,,,,,**
*,.............,,,,,,*,,,
*,,#...#...#...#T,,*,*,,*
*l..#$#...#.#...#,*,,,,,,
*....#...#...#...*,,,,*,*
*#...............,,,,**,*
################******,*


You could see an acid dragon, a sky beast, a scorpion, 2 iguanas, 3 hounds, 2
orc wizards, an adder, an orc, a centaur zombie (dazed) and a bullfrog skeleton
(dazed).

Vanquished Creatures
  A bullfrog skeleton (D:5)
  An adder (D:2)
  A shadow imp (D:5)
  2 dart slugs
  4 bats
  3 endoplasms
  A giant cockroach (D:1)
  A goblin (D:2)
  A hobgoblin (D:1)
  3 jackals (D:1)
  5 quokkas
  4 ball pythons
  3 frilled lizards
  A kobold (D:1)
  4 rats
35 creatures vanquished.

Notes
Turn   | Place    | Note
-------+----------+-------------------------------------------
     0 | D:1      | bobarctor the Deep Elf Necromancer began the quest for the
                  | Orb.
     0 | D:1      | Reached XP level 1. HP: 10/10 MP: 6/6
   259 | D:1      | Reached skill level 5 in Necromancy
   436 | D:1      | Reached XP level 2. HP: 12/15 MP: 5/8
   438 | D:1      | Learned a level 1 spell: Animate Skeleton
   782 | D:1      | Found Fyssisk's Distillery.
   784 | D:1      | Found a faded altar of an unknown god.
  1602 | D:2      | Reached XP level 3. HP: 15/19 MP: 6/10
  1661 | D:2      | Learned a level 3 spell: Vampiric Draining
  2280 | D:3      | Found a broken altar of Ashenzari.
  2304 | D:3      | Found a white marble altar of Elyvilon.
  2339 | D:3      | You fall into a shaft and drop 2 floors!
  2339 | D:5      | Entered Level 5 of the Dungeon
  2340 | D:5      | Noticed a troll
  2340 | D:5      | Noticed an acid dragon
  2342 | D:5      | Noticed a scorpion
  2342 | D:5      | Noticed a sky beast
  2347 | D:5      | Succumbed to a scorpion's poison

Illustrated notes

Levels and vault maps discovered:
D:1:      psy_arrival_radial02, layout_basic, hellmonk_ecumenical_altar_blasted,
          serial_shops, shop_statue
D:2:      layout_loops_ring, chequers_serial_rivers_large_a, minmay_pentomino_s2
D:3:      layout_basic, lemuel_crystal_altar, mainiacjoe_overflow_cross_hatched,
          lemuel_crystal_altar
D:5:      cheibrodos_fzero, layout_basic

Skill      XL: |  1  2 |
---------------+-------+-----
Necromancy     | 5 |  5.4
Spellcasting   | 4 |  4.5
Dodging        | |  2.5
Stealth        | |  2.6

Action                   || total
-------------------------++-------
 Cast: Pain              ||    57
  Use: Scroll            ||     6
Armor: Robe              ||     9
Dodge: Dodged            ||    17

Table legend: (Time is in decaauts)
 A = Elapsed time spent in this place.
 B = Non-inter-level travel time spent in this place.
 C = Inter-level travel time spent in this place.
 D = Time resting spent in this place.
 E = Time spent auto-exploring this place.
 F = Levels seen in this place.
 G = Mean time per level.
                   A        B        C        D        E       F      G
               +--------+--------+--------+--------+--------+-----+--------+
         Total |   2353 |   2246 |    107 |    735 |   1286 |   4 |  588.2 |
       Dungeon |   2353 |   2246 |    107 |    735 |   1286 |   4 |  588.2 |
               +--------+--------+--------+--------+--------+-----+--------+

Top non-repeatable levels by time:
     D:1: 1252 daAuts
     D:2: 1030 daAuts
     D:3: 62 daAuts
     D:5: 7 daAuts
